 Dungeon Sprint DCSS version 0.29-a0-299-g4c793a2ed2 (webtiles) character file.

Game seed: 7301489704069700537

124305 Turgor the Slayer (level 16, -2/173 HPs)
             Began as a Minotaur Berserker on Mar 22, 2022.
             Was the Champion of Trog.
             Slain by an Executioner (18 damage)
             ... summoned by Gloorx Vloq
             ... in the Dungeon (Sprint II: "The Violet Keep of Menkaure") on Mar 24, 2022.
             The game lasted 01:49:34 (5744 turns).

Turgor the Slayer (Minotaur Berserker)              Turns: 5744, Time: 01:49:35

Health: -2/173     AC: 29    Str: 28    XL:     16   Next: 38%
Magic:  15/15      EV: 18    Int: 10    God:    Trog [******]
Gold:   2208       SH: 17    Dex: 15    Spells: 15/15 levels left

rFire   + + +      SeeInvis +   u - +14 obsidian axe {vorpal, Mesm Drain Fly SInv}
rCold   + + +      Faith    .   J - +2 shield of Resistance {rF++ rC++ Will++}
rNeg    + + +      Spirit   .   D - +4 chain mail {rF+}
rPois   +          Reflect  .   R - +0 mask of the Dragon {Will+ Slay+3 SInv}
rElec   +          Harm     .   s - +1 cloak
rCorr   .          Rampage  .   M - +1 pair of gloves {Str+3}
Will    +++++      NoTele   +   N - +2 pair of boots of the Baker {*Corrode rC++ rN+++}
Stlth   ..........              x - amulet of the Final Chapter {Acrobat Fly rF- Regen+ Int+4}
HPRegen 2.18/turn               i - ring of Curiosity {rElec rF+ rC+ Will+}
MPRegen 0.14/turn               b - ring of poison resistance

@: lethally poisoned (-2 -> -2), strong-willed, on berserk cooldown, flying,
mesmerised, regenerating, hasted and slowed, studying Polearms, unable to read
A: horns 2, retaliatory headbutt, hooves 1, screaming 1, strong 1, inability to
read while threatened
a: Renounce Religion, Berserk, Trog's Hand, Brothers in Arms


You were in the Dungeon.
You worshipped Trog.
Trog was exalted by your worship.
You visited 1 branch You collected 7425 gold pieces.
You spent 5217 gold pieces at shops.

Inventory:

Hand Weapons
 a - a +0 hand axe
 l - a +4 dire flail of flaming
 n - a +3 battleaxe of flaming
 u - the +14 obsidian axe (weapon) {vorpal, Mesm Drain Fly SInv}
   (You acquired it in the Dungeon)

   It inflicts extra damage upon your enemies.
   It occasionally summons demons to assist the wielder when it strikes in
   combat.
   Its wielder is mesmerised by any visible foes.
   It cannot be unequipped while any foes are visible.
   SInv:      It lets you see invisible.
   Fly:       It grants you flight.
   Drain:     It drains your maximum health when unequipped.
 E - a +4 broad axe of flaming
 H - the +11 great sword "Rumuop" {flame, rC+ rN+ Int+2}
   (You found it in the Dungeon)

   It burns those it strikes, dealing additional fire damage.
   Big, fiery blades are also staple armaments of hydra-hunters.
   Int:       It affects your intelligence (+2).
   rC:        It protects you from cold.
   rN:        It protects you from negative energy.
Missiles
 v - 6 silver javelins
 z - a curare-tipped dart
Armour
 j - a +1 pair of boots
 s - a +1 cloak (worn)
 A - a +1 hat
 C - a +2 chain mail of cold resistance
 D - a +4 chain mail of fire resistance (worn)
 J - the +2 shield of Resistance (worn) {rF++ rC++ Will++}
   (You bought it in a shop in the Dungeon)

   rF:        It greatly protects you from fire.
   rC:        It greatly protects you from cold.
   Will:      It greatly increases your willpower.
 M - a +1 pair of gloves of strength (worn)
 N - the +2 pair of boots of the Baker (worn) {*Corrode rC++ rN+++}
   (You acquired it in the Dungeon)

   rC:        It greatly protects you from cold.
   rN:        It renders you almost immune to negative energy.
   *Corrode:  It may corrode you when you take damage.
 R - the +0 mask of the Dragon (worn) {Will+ Slay+3 SInv}
   (You bought it in a shop in the Dungeon)

   Slay:      It affects your accuracy & damage with ranged weapons and melee
   (+3).
   SInv:      It lets you see invisible.
   Will:      It increases your willpower.
Jewellery
 b - a ring of poison resistance (right hand)
 c - an amulet of reflection
 g - a ring of flight
 i - the ring of Curiosity (left hand) {rElec rF+ rC+ Will+}
   (You bought it in a shop in the Dungeon)

   [ring of protection from fire]

   rF:        It protects you from fire.
   rC:        It protects you from cold.
   rElec:     It insulates you from electricity.
   Will:      It increases your willpower.
 o - a ring of resist corrosion
 x - the amulet of the Final Chapter (around neck) {Acrobat Fly rF- Regen+ Int+4}
   (You found it in the Dungeon)

   [amulet of the acrobat]

   It increases your evasion while moving and waiting.
   Int:       It affects your intelligence (+4).
   rF:        It makes you vulnerable to fire.
   Fly:       It grants you flight.
   Regen:     It increases your rate of health regeneration.
 y - the amulet "Oloc" {RegenMP rElec}
   (You found it in the Dungeon)

   [amulet of magic regeneration]

   It increases your rate of magic regeneration.
   rElec:     It insulates you from electricity.
 P - a +6 ring of dexterity
 Q - the ring of the Hare {EV+8}
   (You found it in the Dungeon)

   [ring of evasion]

   EV:        It affects your evasion (+8).
Scrolls
 h - 3 scrolls of blinking
 k - 2 scrolls of fog
 r - 2 scrolls of immolation
 w - 2 scrolls of enchant weapon
 I - a scroll of vulnerability
Potions
 d - a potion of heal wounds
 e - 5 potions of haste
 f - 23 potions of magic
 m - 5 potions of curing
 p - 15 potions of flight
 q - a potion of resistance
 t - a potion of berserk rage
 G - 31 potions of mutation
 K - a potion of lignification
Miscellaneous
 B - a condenser vane
 F - a tin of tremorstones (2/2) (quivered)
 L - a phantom mirror
 S - a phial of floods (inert)


   Skills:
 * Level 23.6 Fighting
 - Level 22.1(23.1) Axes
 - Level 12.3(18.6) Maces & Flails
 + Level 14.3 Throwing
 + Level 20.6 Armour
 - Level 20.1 Dodging
 * Level 19.2 Shields
 + Level 8.1 Evocations


You had 15 spell levels left.
You didn't know any spells.
Your spell library was empty.

Dungeon Overview and Level Annotations

Branches:
Dungeon (1/1)

Altars:
Cheibriados
Dithmenos
Elyvilon
Fedhas
Gozag
Hepliaklqana
Kikubaaqudgha
Makhleb
Nemelex Xobeh
Okawaru
Qazlal
Ru
Sif Muna
Trog
Uskayaw
Vehumet
Wu Jian
Xom
Yredelemnul
Zin
The Shining One
Beogh
Jiyva
Lugonu

Shops:
D [=:[(*(??!???[[:[*[!=((!:([=!??(*:*(

Annotations:
D Gloorx Vloq


Innate Abilities, Weirdness & Mutations

You have a pair of horns on your head.
You reflexively headbutt those who attack you in melee.
You have large cloven feet.
You occasionally shout uncontrollably at your foes.
Your muscles are strong. (Str +2)
You sometimes lose the ability to read scrolls when taking damage.


Message History

You headbutt the vampire knight, but do no damage.
The vampire knight bites you but does no damage.
You cannot move away from the vampire knight!
Unknown command.
You slash the vampire knight! You headbutt the vampire knight.
The vampire knight is heavily damaged.
You are no longer berserk.
You are exhausted.
You feel as though you will be slow longer.
You feel sick.
Your neqoxec hits the vampire knight but does no damage.
The vampire knight hits your neqoxec with a +0 long sword!!
The vampire knight completely misses your neqoxec.
Gloorx Vloq gestures.
The curse toe gestures.
Send 'em back where they came from!
Trog shields your ally from puny magic!
You cannot read scrolls in your current state!
Aim the phial where?
Press: ? - help, Shift-Dir - straight line, f - vampire knight
Aim: a vampire knight, wielding a +0 long sword and wearing a +0 plate armour (heavily damaged, mesmerising, fast, not watching you, ally target)
The torrent of water hits the vampire knight.
The vampire knight is heavily damaged.
The vampire knight is knocked back by the torrent of water.
The vampire knight collides with the curse toe!
The wave splashes down.
Your neqoxec is engulfed in water.
The Executioner is engulfed in water.
You feel sick.
The Executioner disappears in a puff of smoke!
Gloorx Vloq hits your neqoxec!!!
Your neqoxec dies!
Your neqoxec disappears in a puff of smoke!
You block the Executioner's attack.
The Executioner hits you but does no damage.
The Executioner completely misses you.
The vampire knight splashes around in the water. x2
The curse toe calls on the powers of darkness!
Your body is wracked with pain!
* * * LOW HITPOINT WARNING * * *
The Executioner hits you!!
You die...

###### #[.:.#
▓▓▓▓▓▓▓▓▓▓▓▓▓▓▓▓▓▓▓▓▓▓▓▓▓▓
#}|).##▓...§11zV@'..♣♣.....♣♣....
.......▓,....▓&1≈▓.♣♣..♣...♣♣...♣
....[††▓,.,,,▓≈▓▓▓.♣♣..♣♣..♣♣..♣♣
⌠....#†▓▓*,,,▓...▓.♣♣..♣♣..♣...♣♣
#[.(.#..▓▓▓+▓▓▓▓.▓.♣...♣♣......♣♣
##''##...+...▓0..▓....^▓▓▓▓▓▓▓▓▓▓
#≈...###.#°..▓▓▓▓▓▓▓▓▓▓▓▓▓▓▓▓▓...
[≈...^.#.#...▓≈§≈≈≈§§§▓▓▓^.^.▓.''
###?...#§##.|▓▓▓▓▓▓▓▓▓▓▓▓'▓▓.▓.'§


You could see Gloorx Vloq, a curse toe, a vampire knight (mesmerising, fast) and
3 Executioners.

Vanquished Creatures
  A royal mummy (D)
  2 golden dragons (D)
  A bone dragon (D)
  A hellephant (D)
  3 quicksilver dragons (D)
  A deep elf blademaster (D)
  A deep elf master archer (D)
  Gastronok (D)
  Murray (D)
  A kraken (D)
  2 sphinxes (D)
  2 storm dragons (D)
  Roxanne (D)
  A draconian knight (D)
  A frost giant (D)
  A draconian shifter (D)
  A cacodemon (D)
  Nessos (D)
  3 lorocyprocas (D)
  A dire elephant (D)
  An iron golem (D)
  A crystal guardian (D)
  A fire dragon (D)
  A yaktaur captain (D)
  A great orb of eyes (D)
  A deep elf high priest (D)
  A centaur warrior (D)
  A death yak (D)
  2 hell hogs (D)
  Sonja (D)
  3 sixfirhies (D)
  A slime creature (D)
  A glowing orange brain (D)
  A skeletal warrior (D)
  2 deep trolls (D)
  An obsidian statue (D)
  2 death drakes (D)
  An oklob plant (D)
  A harpy (D)
  3 orc sorcerers (D)
  3 manticores (D)
  6 shining eyes (D)
  An elephant (D)
  3 toenail golems (D)
  A merfolk siren (D)
  An ice statue (D)
  An eye of devastation (D)
  2 cane toads (D)
  2 unseen horrors (D)
  A yaktaur (D)
  5 polar bears (D)
  A hornet (D)
  17 flying skulls (D)
  4 wyverns (D)
  A golden eye (D)
  2 redbacks (D)
  Menkaure (D)
  7 water moccasins (D)
  7 floating eyes (D)
  2 swamp drakes (D)
  3 black bears (D)
  2 earth elementals (D)
  A necrophage (D)
  5 scorpions (D)
  9 electric eels (D)
  An iron imp (D)
  4 orc priests (D)
  A jelly (D)
  3 worms (D)
  A spectral bat (D)
  A spectral quokka (D)
  4 tentacles (D)
157 creatures vanquished.

Vanquished Creatures (collateral kills)
  the Lernaean hydra (D)
  An electric golem (D)
  Kirke (D)
  An iron elemental (D)
  9 shining eyes (D)
  A kobold demonologist (D)
  A flying skull (D)
  A wyvern (D)
  3 floating eyes (D)
19 creatures vanquished.

Vanquished Creatures (others)
  A water moccasin (D)
  2 ballistomycete spores (D)
  4 tentacles (D)
7 creatures vanquished.

Grand Total: 183 creatures vanquished

Notes
Turn   | Place    | Note
-------+----------+-------------------------------------------
     0 | D        | Turgor the Minotaur Berserker began the quest for the Orb.
     0 | D        | Reached XP level 1. HP: 19/19 MP: 0/0
     9 | D        | Reached skill level 4 in Fighting
    13 | D        | Reached ** piety under Trog
    14 | D        | Reached XP level 2. HP: 27/27 MP: 1/1
    53 | D        | Noticed a scorpion
    53 | D        | Noticed a scorpion
    53 | D        | Noticed a scorpion
    53 | D        | Noticed a scorpion
    59 | D        | Killed a scorpion
    60 | D        | Reached skill level 5 in Fighting
    60 | D        | Reached XP level 3. HP: 36/36 MP: 2/2
    63 | D        | Killed a scorpion
    64 | D        | Reached skill level 6 in Fighting
    64 | D        | Reached skill level 5 in Armour
    64 | D        | Reached skill level 5 in Dodging
    64 | D        | Reached XP level 4. HP: 44/44 MP: 3/3
    66 | D        | Killed a scorpion
    67 | D        | Reached skill level 7 in Fighting
    67 | D        | Reached XP level 5. HP: 52/52 MP: 4/4
    67 | D        | Reached *** piety under Trog
    68 | D        | Reached skill level 10 in Axes
    97 | D        | Noticed a merfolk siren
   110 | D        | Killed a merfolk siren
   111 | D        | Reached skill level 9 in Fighting
   111 | D        | Reached XP level 6. HP: 23/63 MP: 5/5
   111 | D        | Reached XP level 7. HP: 26/70 MP: 6/6
   196 | D        | Noticed Menkaure
   203 | D        | Killed Menkaure
   248 | D        | Noticed a wyvern
   248 | D        | Noticed a wyvern
   253 | D        | Killed a wyvern
   253 | D        | Reached **** piety under Trog
   258 | D        | Killed a wyvern
   259 | D        | Reached skill level 10 in Fighting
   279 | D        | Noticed an obsidian statue
   289 | D        | Found Yshruc's Distillery.
   290 | D        | Found Dadiaw's Antique Weapon Shop.
   290 | D        | Found Wewow's Book Shop.
   291 | D        | Found Geahin's Magic Scroll Shop.
   291 | D        | Found Boilun's Antique Armour Boutique.
   291 | D        | Found Xeocehin's Antique Weapon Boutique.
   291 | D        | Found Tatussomn's Jewellery Shop.
   291 | D        | Found Mikeo's Distillery.
   502 | D        | Found Xucsel's Armour Boutique.
   502 | D        | Found Ebbourac's Book Shop.
   502 | D        | Found Opsuub's Antique Armour Boutique.
   502 | D        | Found Hijo's Jewellery Shop.
   503 | D        | Found Giemmeror's Magic Scroll Shop.
   503 | D        | Found Wusu's Distillery.
   503 | D        | Noticed a fire dragon
   504 | D        | Noticed an oklob plant
   505 | D        | Found Oploaddo's Book Shoppe.
   512 | D        | Bought a masterwork demon blade for 340 gold pieces
   512 | D        | Identified the +8 demon blade of Xoihuen {pain, Fragile
                  | rPois Will+ Stlth+} (You bought it in a shop in the
                  | Dungeon)
   513 | D        | Noticed a hell hog
   517 | D        | Bought a ring of flight for 175 gold pieces
   525 | D        | Bought a runed ring mail for 196 gold pieces
   547 | D        | Reached XP level 8. HP: 72/80 MP: 7/7
   552 | D        | Bought a ring of poison resistance for 240 gold pieces
   642 | D        | Found a glowing silver altar of Zin.
   642 | D        | Found a radiant altar of Vehumet.
   643 | D        | Found a glowing golden altar of the Shining One.
   643 | D        | Found a basalt altar of Yredelemnul.
   643 | D        | Found a hide-covered altar of Uskayaw.
   644 | D        | Found a shimmering altar of Xom.
   644 | D        | Found a bloodstained altar of Trog.
   644 | D        | Found a burning altar of Makhleb.
   645 | D        | Found an ornate altar of the Wu Jian Council.
   645 | D        | Found a shimmering blue altar of Sif Muna.
   645 | D        | Found a corrupted altar of Lugonu.
   646 | D        | Found a sacrificial altar of Ru.
   646 | D        | Found an ancient bone altar of Kikubaaqudgha.
   646 | D        | Found a white marble altar of Elyvilon.
   647 | D        | Found a stormy altar of Qazlal.
   647 | D        | Found a viscous altar of Jiyva.
   647 | D        | Found a shadowy altar of Dithmenos.
   648 | D        | Found a hazy altar of Hepliaklqana.
   648 | D        | Found a snail-covered altar of Cheibriados.
   650 | D        | Found a sparkling altar of Nemelex Xobeh.
   650 | D        | Found a blossoming altar of Fedhas.
   650 | D        | Noticed a hornet
   650 | D        | Noticed a polar bear
   651 | D        | Found an opulent altar of Gozag.
   651 | D        | Found an iron altar of Okawaru.
   651 | D        | Noticed a yaktaur
   651 | D        | Noticed a polar bear
   653 | D        | Noticed a polar bear
   662 | D        | Killed a polar bear
   665 | D        | Killed a hornet
   666 | D        | Reached skill level 11 in Fighting
   666 | D        | Reached skill level 5 in Maces & Flails
   675 | D        | Killed a polar bear
   676 | D        | Reached skill level 10 in Armour
   677 | D        | Killed a polar bear
   683 | D        | Killed a yaktaur
   684 | D        | Reached skill level 10 in Dodging
   684 | D        | Reached XP level 9. HP: 80/90 MP: 8/8
   831 | D        | Noticed a kraken
   850 | D        | HP: 4/135 [tentacle[a kraken] (15)]
   851 | D        | Killed a kraken
   852 | D        | Reached skill level 12 in Fighting
  1225 | D        | Reached ***** piety under Trog
  1358 | D        | Noticed a deep troll
  1358 | D        | Noticed a deep troll
  1365 | D        | Killed a deep troll
  1366 | D        | Reached skill level 13 in Fighting
  1366 | D        | Reached XP level 10. HP: 101/101 MP: 9/9
  1370 | D        | Killed a deep troll
  1405 | D        | Noticed a sphinx
  1405 | D        | Noticed a sphinx
  1416 | D        | Killed a sphinx
  1417 | D        | Reached skill level 14 in Fighting
  1417 | D        | Reached skill level 15 in Axes
  1420 | D        | Killed a sphinx
  1420 | D        | Received a gift from Trog
  1484 | D        | Received a gift from Trog
  1485 | D        | Reached XP level 11. HP: 104/111 MP: 10/10
  1506 | D        | Reached skill level 5 in Throwing
  1644 | D        | Noticed a hellephant
  1644 | D        | Noticed a glowing orange brain
  1644 | D        | Noticed a purple draconian shifter
  1644 | D        | Noticed Sonja
  1665 | D        | Killed a glowing orange brain
  1666 | D        | Reached skill level 15 in Fighting
  1717 | D        | Killed a hellephant
  1717 | D        | Reached ****** piety under Trog
  1848 | D        | Killed Sonja
  1848 | D        | Received a gift from Trog
  1869 | D        | Killed a purple draconian shifter
  1870 | D        | Reached skill level 15 in Armour
  2131 | D        | Noticed a deep elf blademaster
  2392 | D        | Noticed a sixfirhy
  2439 | D        | Noticed a sixfirhy
  2441 | D        | Noticed a sixfirhy
  2452 | D        | Found Ytteuqusi's Book Shoppe.
  2453 | D        | Found Iclys's Weapon Boutique.
  2657 | D        | Identified the +6 scimitar of Innocence {freeze, Fly}
  2683 | D        | Found Gafic's Magic Scroll Boutique.
  2685 | D        | Found Omuvim's Antique Armour Shop.
  2686 | D        | Noticed Nessos
  2691 | D        | Identified the amulet "Oloc" {RegenMP rElec}
  2705 | D        | Killed Nessos
  2706 | D        | Reached skill level 16 in Fighting
  2735 | D        | Bought a scroll of identify for 28 gold pieces
  2735 | D        | Bought a scroll of identify for 28 gold pieces
  2735 | D        | Identified 2 scrolls of acquirement
  2737 | D        | Acquired 595 gold pieces
  2739 | D        | Acquired the +14 obsidian axe {vorpal, Mesm Drain Fly SInv}
  2739 | D        | Found the +14 obsidian axe {vorpal, Mesm Drain Fly SInv}
  2987 | D        | Killed a sixfirhy
  2998 | D        | Killed a sixfirhy
  3002 | D        | Killed a sixfirhy
  3191 | D        | Noticed Gastronok
  3198 | D        | Killed Gastronok
  3198 | D        | Identified the +3 battleaxe "Xeuhicaa" {vorpal, rC+ Dex+5
                  | Stlth+} (Trog gifted it to you in the Dungeon)
  3198 | D        | Received a gift from Trog
  3199 | D        | Reached XP level 12. HP: 124/124 MP: 11/11
  3238 | D        | Noticed a dire elephant
  3242 | D        | Killed a dire elephant
  3247 | D        | Reached skill level 15 in Dodging
  3318 | D        | Identified the amulet of the Final Chapter {Acrobat Fly rF-
                  | Regen+ Int+4}
  3351 | D        | Received a gift from Trog
  3585 | D        | Reached skill level 17 in Fighting
  3605 | D        | Received a gift from Trog
  3624 | D        | Gained mutation: You tend to lose your temper in combat. [a
                  | shining eye]
  3624 | D        | Gained mutation: Your body sometimes deteriorates upon
                  | taking damage. [a shining eye]
  3624 | D        | Gained mutation: You do not regenerate when monsters are
                  | visible. [a shining eye]
  3625 | D        | Paralysed by a floating eye for 3 turns
  3626 | D        | Gained mutation: You occasionally shout uncontrollably at
                  | your foes. [a shining eye]
  3632 | D        | Gained mutation: You are dopey. (Int -2) [a shining eye]
  3634 | D        | Gained mutation: You are weak. (Str -2) [a shining eye]
  3644 | D        | Received a gift from Trog
  3645 | D        | Paralysed by a floating eye for 2 turns
  3648 | D        | Reached skill level 10 in Throwing
  3649 | D        | Lost mutation: You tend to lose your temper in combat. [a
                  | shining eye]
  3653 | D        | Received a gift from Trog
  3662 | D        | Lost mutation: You are weak. (Str -2) [potion of mutation]
  3662 | D        | Lost mutation: Your body sometimes deteriorates upon taking
                  | damage. [potion of mutation]
  3662 | D        | Gained mutation: You expend magic power (3 MP) to
                  | strengthen your wands. [potion of mutation]
  3662 | D        | Gained mutation: You have large cloven feet. [potion of
                  | mutation]
  3663 | D        | Lost mutation: You are dopey. (Int -2) [potion of mutation]
  3663 | D        | Lost mutation: You do not regenerate when monsters are
                  | visible. [potion of mutation]
  3663 | D        | Lost mutation: You expend magic power (3 MP) to strengthen
                  | your wands. [potion of mutation]
  3663 | D        | Gained mutation: You frequently scream uncontrollably at
                  | your foes. [potion of mutation]
  3663 | D        | Gained mutation: Your body sometimes deteriorates upon
                  | taking damage. [potion of mutation]
  3663 | D        | Gained mutation: You are clumsy. (Dex -2) [potion of
                  | mutation]
  3664 | D        | Lost mutation: Your body sometimes deteriorates upon taking
                  | damage. [potion of mutation]
  3664 | D        | Lost mutation: You are clumsy. (Dex -2) [potion of
                  | mutation]
  3664 | D        | Lost mutation: You frequently scream uncontrollably at your
                  | foes. [potion of mutation]
  3664 | D        | Gained mutation: Your muscles are strong. (Str +2) [potion
                  | of mutation]
  3674 | D        | Identified the +11 great sword "Rumuop" {flame, rC+ rN+
                  | Int+2}
  3706 | D        | Killed a deep elf blademaster
  3707 | D        | Reached skill level 18 in Fighting
  3766 | D        | Bought a scroll of identify for 28 gold pieces
  3766 | D        | Bought a scroll of identify for 28 gold pieces
  3768 | D        | Bought a scroll of identify for 28 gold pieces
  3771 | D        | Bought the +2 shield of Resistance {rF++ rC++ Will++} for
                  | 1427 gold pieces
  3771 | D        | Found the +2 shield of Resistance {rF++ rC++ Will++}
  3776 | D        | Reached XP level 13. HP: 134/134 MP: 12/12
  3782 | D        | Bought a scroll of magic mapping for 45 gold pieces
  3783 | D        | Bought a scroll of fog for 26 gold pieces
  3783 | D        | Bought a scroll of fog for 26 gold pieces
  3787 | D        | Bought the ring of Curiosity {rElec rF+ rC+ Will+} for 619
                  | gold pieces
  3791 | D        | Bought a potion of curing for 36 gold pieces
  3791 | D        | Bought a potion of curing for 36 gold pieces
  3791 | D        | Bought a potion of heal wounds for 60 gold pieces
  3863 | D        | Identified Roxanne's Papyrus of Changing
  3863 | D        | Noticed Roxanne
  3869 | D        | Noticed Kirke
  3886 | D        | Noticed a cacodemon
  3888 | D        | Noticed a bone dragon
  3890 | D        | Killed Kirke
  3894 | D        | Reached XP level 14. HP: 143/143 MP: 13/13
  3894 | D        | Killed a cacodemon
  3894 | D        | Received a gift from Trog
  3896 | D        | Reached skill level 10 in Shields
  3902 | D        | Killed a bone dragon
  3903 | D        | Noticed a storm dragon
  3909 | D        | Received a gift from Trog
  3917 | D        | Killed a storm dragon
  3925 | D        | Noticed a golden dragon
  3930 | D        | Killed a golden dragon
  3964 | D        | Noticed a frost giant
  3977 | D        | Killed a frost giant
  3977 | D        | Received a gift from Trog
  3978 | D        | Reached skill level 19 in Fighting
  4078 | D        | Identified the +13 war axe of Free Will {flame, Stlth+}
                  | (Trog gifted it to you in the Dungeon)
  4078 | D        | Received a gift from Trog
  4079 | D        | Reached skill level 15 in Shields
  4125 | D        | Found Ojaoren's Armour Emporium.
  4125 | D        | Found Kenynome's Weapon Shop.
  4125 | D        | Found Xinn's Jewellery Shop.
  4125 | D        | Found Quskid's Assorted Antiques.
  4125 | D        | Found Haumisol's Magic Scroll Boutique.
  4126 | D        | Found Dehaf's Magic Scroll Shoppe.
  4126 | D        | Found Xutydduph's Magic Scroll Boutique.
  4126 | D        | Found Gytac's Assorted Antiques.
  4126 | D        | Found Tyonlasu's Weapon Shop.
  4126 | D        | Found Hovoydir's Antique Armour Emporium.
  4126 | D        | Found Sianazid's Armour Shop.
  4126 | D        | Found Vewiruke's Distillery.
  4135 | D        | Bought a +1 pair of gloves of strength for 198 gold pieces
  4142 | D        | Bought a scroll of enchant armour for 75 gold pieces
  4148 | D        | Bought a scroll of acquirement for 520 gold pieces
  4148 | D        | Acquired the +2 pair of boots of the Baker {*Corrode rC++
                  | rN+++}
  4211 | D        | Killed Roxanne
  4211 | D        | Received a gift from Trog
  4258 | D        | Noticed a golden dragon
  4263 | D        | Killed a golden dragon
  4312 | D        | Found Ciosixashru's Weapon Boutique.
  4312 | D        | Found Qukeibi's General Store.
  4312 | D        | Found Hiakehas's General Store.
  4312 | D        | Found Fem Xeurcha's Magic Scroll Boutique.
  4312 | D        | Noticed a storm dragon
  4318 | D        | Killed a storm dragon
  4319 | D        | Reached skill level 20 in Fighting
  4412 | D        | Noticed a black draconian knight
  4443 | D        | Noticed the 27-headed Lernaean hydra
  4473 | D        | Received a gift from Trog
  4549 | D        | Killed a black draconian knight
  4558 | D        | Received a gift from Trog
  4559 | D        | Reached skill level 21 in Fighting
  4569 | D        | Killed the 27-headed Lernaean hydra
  4650 | D        | Found Woseej's Weapon Shoppe.
  4651 | D        | Found the ring of the Hare {EV+8}
  4675 | D        | Identified the +4 quarterstaff of Mourning {drain, Drain
                  | rF+ Int+3}
  4695 | D        | Acquired 748 gold pieces
  4775 | D        | Bought the +0 mask of the Dragon {Will+ Slay+3 SInv} for
                  | 868 gold pieces
  4775 | D        | Found the +0 mask of the Dragon {Will+ Slay+3 SInv}
  4787 | D        | Bought a scroll of enchant armour for 75 gold pieces
  4787 | D        | Bought a scroll of enchant armour for 75 gold pieces
  4787 | D        | Bought a scroll of identify for 20 gold pieces
  4787 | D        | Bought a scroll of identify for 20 gold pieces
  4864 | D        | Received a gift from Trog
  4962 | D        | Noticed an electric golem
  4998 | D        | Killed an electric golem
  4998 | D        | Received a gift from Trog
  5122 | D        | Reached skill level 22 in Fighting
  5122 | D        | Reached skill level 1 in Evocations
  5156 | D        | Reached XP level 15. HP: 160/160 MP: 14/14
  5219 | D        | Gained mutation: You sometimes lose the ability to read
                  | scrolls when taking damage. [a shining eye]
  5230 | D        | Identified the +1 ring mail of Razabidu {Rampage Dex+2}
  5251 | D        | Noticed a deep elf master archer
  5260 | D        | Killed a deep elf master archer
  5322 | D        | Received a gift from Trog
  5332 | D        | Upgraded the game from 0.29-a0-298-g3c90f9a769 to
                  | 0.29-a0-299-g4c793a2ed2
  5436 | D        | Reached skill level 5 in Evocations
  5456 | D        | Noticed a quicksilver dragon
  5462 | D        | Noticed a quicksilver dragon
  5465 | D        | Killed a quicksilver dragon
  5472 | D        | Killed a quicksilver dragon
  5473 | D        | Reached skill level 23 in Fighting
  5531 | D        | Noticed a quicksilver dragon
  5536 | D        | Killed a quicksilver dragon
  5658 | D        | Noticed Murray
  5675 | D        | Killed Murray
  5719 | D        | Reached XP level 16. HP: 172/172 MP: 15/15
  5721 | D        | Noticed a royal mummy
  5723 | D        | Received a gift from Trog
  5733 | D        | Noticed a curse toe
  5734 | D        | Noticed Gloorx Vloq
  5735 | D        | Killed a royal mummy
  5744 | D        | Noticed an Executioner
  5744 | D        | Noticed an Executioner
  5744 | D        | Noticed an Executioner
  5744 | D        | Noticed an Executioner
  5744 | D        | Slain by an Executioner

Illustrated notes

Levels and vault maps discovered:
D:        the_violet_keep_of_menkaure [sprint2_stairs_cluster_1,
          sprint2_shoproom, sprint2_temple, sprint2_basic_supplies,
          sprint2_obstacle_3, sprint2_obstacle_1, sprint2_obstacle_6,
          sprint2_obstacle_2, sprint2_obstacle_7, sprint2_timed_cluster_1,
          sprint2_smallroom_cluster_1, sprint2_smallroom_final_cluster_1,
          sprint2_transparent_cluster_1, sprint2_second_timed_cluster_1,
          sprint2_sniper_area_1, sprint2_heavy_combat_area_1,
          sprint2_mutation_trap_area_1, sprint2_forest_area_1,
          sprint2_light_combat_area_1, sprint2_behind_water_1,
          sprint2_near_end_vault_1]

Skill      XL: |  1  2  3  4  5  6  7  8  9 10 11 12 13 14 15 16 |
---------------+-------------------------------------------------+-----
Fighting       | 4 5 6 7 9 10 11 13 14 16 18 22 23 | 23.6
Axes           | 4 6 8 9 12 13 16 19 21 22 | 22.1
Armour         | 3 4 5 6 7 9 10 12 14 16 17 19 20 | 20.6
Dodging        | 3 4 5 6 7 8 10 11 13 14 17 20 | 20.1
Maces & Flails | 2 8 12 | 12.3
Throwing       | 4 8 10 13 14 | 14.3
Shields        | 4 8 17 18 19 | 19.2
Evocations     | 1 7 8 |  8.1

Action                   |  1- 3 |  4- 6 |  7- 9 | 10-12 | 13-15 | 16-18 || total
-------------------------+-------+-------+-------+-------+-------+-------++-------
Melee: Hand axe          |    17 |    12 |    83 |    19 |       |       ||   131
       Headbutt          |     2 |     3 |    17 |    35 |    76 |     4 ||   137
       Demon blade       |       |       |     1 |       |       |       ||     1
       Punch             |       |       |     1 |     2 |       |       ||     3
       Dire flail        |       |       |       |   102 |       |       ||   102
       Broad axe         |       |       |       |    71 |   250 |    13 ||   334
Throw: Javelin           |       |       |       |     6 |       |       ||     6
       Dart              |       |       |       |     2 |       |       ||     2
Invok: Berserk           |     1 |     1 |     5 |    11 |    14 |     1 ||    33
       Trog's Hand       |       |       |     4 |     8 |    13 |     1 ||    26
       Brothers in Arms  |       |       |       |     2 |     4 |       ||     6
Evoke: Condenser vane    |       |       |       |     1 |     1 |       ||     2
       Phial of floods   |       |       |       |       |       |     1 ||     1
  Use: Potion            |     1 |       |     1 |     8 |     7 |     2 ||    19
       Scroll            |       |       |     5 |     8 |    10 |       ||    23
 Stab: Distracted        |       |       |       |       |     1 |       ||     1
Armor: Animal skin       |     1 |     1 |       |       |       |       ||     2
       Ring mail         |       |       |    13 |    30 |       |       ||    43
       Chain mail        |       |       |       |    13 |   101 |     3 ||   117
Dodge: Dodged            |     7 |     4 |    37 |    75 |   105 |     4 ||   232
Block: Other             |       |       |     2 |    21 |       |       ||    23
       Kite shield       |       |       |       |       |   123 |     7 ||   130

Table legend: (Time is in decaauts)
 A = Elapsed time spent in this place.
 B = Non-inter-level travel time spent in this place.
 C = Inter-level travel time spent in this place.
 D = Time resting spent in this place.
 E = Time spent auto-exploring this place.
 F = Levels seen in this place.
 G = Mean time per level.
                   A        B        C        D        E       F      G
               +--------+--------+--------+--------+--------+-----+--------+
         Total |   5823 |   5816 |      7 |   3202 |      0 |   1 | 5823.0 |
       Dungeon |   5823 |   5816 |      7 |   3202 |      0 |   1 | 5823.0 |
               +--------+--------+--------+--------+--------+-----+--------+

Top non-repeatable levels by time:
       D: 5823 daAuts
